 Dungeon Crawl Stone Soup version 0.20-a0-1015-g2ec8a95 (webtiles) character file.

548 Monsterracer the Basher (level 7, -8/51 HPs)
             Began as a Minotaur Fighter on Apr 15, 2017.
             Mangled by an ogre
             ... wielding a +0 giant club
              (23 damage)
             ... on level 4 of the Dungeon.
             The game lasted 00:07:40 (3641 turns).

Monsterracer the Basher (Minotaur Fighter)          Turns: 3641, Time: 00:07:42

Health: -8/51      AC: 12    Str: 20    XL:     7   Next: 7%
Magic:  6/6        EV:  4    Int:  5    God:
Gold:   247        SH:  9    Dex: 12    Spells: 6/6 levels left

rFire    + . .     SeeInvis .   a - +1 flail
rCold    x . .     Gourm    .   c - +0 shield
rNeg     . . .     Faith    .   g - +0 plate armour
rPois    .         Spirit   .   (helmet restricted)
rElec    .         Reflect  .   m - +0 cloak
rCorr    .         Harm     .   (no gloves)
MR       .....                  (no boots)
Stlth    ..........             (no amulet)
Regen    0.2/turn               p - ring of fire
MPRegen  0.1/turn               (no ring)

@: no status effects
A: retaliatory headbutt, horns 2, blink, frail 1, sturdy frame 1
a: Blink


You were on level 4 of the Dungeon.
You were not hungry.

You visited 1 branch of the dungeon, and saw 5 of its levels.

You collected 247 gold pieces.

Inventory:

Hand Weapons
 a - a +1 flail (weapon)
Armour
 c - a +0 shield (worn)
 g - a +0 plate armour (worn)
 m - a +0 cloak (worn)
Jewellery
 p - a ring of fire (left hand)
Wands
 o - a wand of digging (16/24)
Scrolls
 e - 3 scrolls of remove curse
 i - 3 scrolls of identify
Comestibles
 b - a royal jelly
 d - a chunk of flesh
 f - 2 bread rations
 n - 2 meat rations


   Skills:
 + Level 3.6 Fighting
 * Level 9.3 Maces & Flails
 + Level 3.6 Armour
 + Level 3.6 Shields


You had 6 spell levels left.
You didn't know any spells.

Dungeon Overview and Level Annotations

Branches:
Dungeon (5/15)
 Temple: D:4-7

Altars:
Dithmenos
Sif Muna
Wu Jian
Zin

Shops:
D:2 *   D:4 [

Annotations:
D:5 Eustachio


Innate Abilities, Weirdness & Mutations

You reflexively headbutt those who attack you in melee.
You have a pair of horns on your head.
You can translocate small distances at will.
You are frail. (-10% HP)
Your movements are slightly less encumbered by armour. (ER -2)


Message History

The quokka's corpse disappears in a puff of smoke!
You block the ogre's attack.
You climb upwards.
There is a stone staircase leading down here.
You can't go up here!
You aren't carrying any potions.
You closely miss the ogre. You block the ogre's attack.
You hit the ogre.
The ogre is lightly wounded.
The ogre hits you with a giant club!!
You completely miss the ogre. You headbutt the ogre.
The ogre is moderately wounded.
You hit the ogre.
The ogre is moderately wounded.
The ogre hits you with a giant club!
* * * LOW HITPOINT WARNING * * *
You hit the ogre. You headbutt the ogre.
The ogre is heavily wounded.
The ogre hits you with a giant club!!
You die...

*,#.*,***,**,**,,*#.# ,,,,*,*
*,**..#..##.# *** *,,,*,*
*,**#.#..#..# *,* *,,,*,* *,*
#.#..#.##########,* *,,,*,*
*,***....#...........,* ###*###
*,,,*#...#..#########,***
#⌠###8##*,*,*#...#..#...,,,....,,
[).....##,*,**#..#..##.#***...#**
.).....8#,*,* #.@#..##.# *...#
.......##,*,* #O##..##.# **...##*
#⌠##...#*,*,* #.*#..##.# *,....#,
####...##**,**#.*#..##.# *,...,*,
# #8...8# *,,,..*#..##.####.#,.#,
####...## ****##*#........÷.#..#.
........# #...(.#.........
#.#####.# #####...†....... .,*
#.##############†##########


You could see an ogre.

Vanquished Creatures
  Grinder (D:3)
  A big kobold (D:3)
  Crazy Yiuf (D:2)
  A gnoll shaman (D:4)
  An iguana (D:4)
  Terence (D:3)
  Robin (D:2)
  3 gnolls (D:4)
  6 adders
  An ooze (D:3)
  A worm (D:1)
  A dart slug (D:1)
  2 leopard geckos
  A ball python (D:2)
  9 giant cockroaches
  7 hobgoblins
  6 bats
  8 frilled lizards
  13 goblins
  16 kobolds
  8 rats
89 creatures vanquished.

Notes
Turn   | Place    | Note
-------+----------+-------------------------------------------
     0 | D:1      | Monsterracer the Minotaur Fighter began the quest for the Orb.
     0 | D:1      | Reached XP level 1. HP: 19/19 MP: 0/0
   116 | D:1      | Reached skill level 3 in Maces & Flails
   338 | D:1      | Reached XP level 2. HP: 26/26 MP: 1/1
   636 | D:1      | Gained mutation: You are clumsy. (Dex -2) [potion of mutation]
   636 | D:1      | Gained mutation: Your flesh is cold resistant. (rC+) [potion of mutation]
   675 | D:1      | Lost mutation: Your flesh is cold resistant. (rC+) [potion of mutation]
   675 | D:1      | Lost mutation: You are clumsy. (Dex -2) [potion of mutation]
   675 | D:1      | Gained mutation: Your movements are slightly less encumbered by armour. (ER -2) [potion of mutation]
   675 | D:1      | Gained mutation: You are frail. (-10% HP) [potion of mutation]
   675 | D:1      | Gained mutation: You can translocate small distances at will. [potion of mutation]
   964 | D:2      | Reached skill level 4 in Maces & Flails
   964 | D:2      | Reached XP level 3. HP: 23/27 MP: 2/2
  1411 | D:2      | Reached skill level 5 in Maces & Flails
  1650 | D:2      | Reached XP level 4. HP: 35/35 MP: 3/3
  1662 | D:2      | Found an ornate altar of the Wu Jian Council.
  1759 | D:2      | Noticed Robin
  1779 | D:2      | Killed Robin
  2005 | D:2      | Found Zin's Purification Station.
  2017 | D:2      | Found a glowing silver altar of Zin.
  2138 | D:2      | Found a runed door.
  2162 | D:2      | Noticed Crazy Yiuf
  2166 | D:2      | Killed Crazy Yiuf
  2166 | D:2      | Reached skill level 6 in Maces & Flails
  2204 | D:2      | Reached XP level 5. HP: 38/40 MP: 4/4
  2305 | D:3      | Found a shadowy altar of Dithmenos.
  2528 | D:3      | Reached skill level 7 in Maces & Flails
  2994 | D:3      | Noticed Grinder
  3011 | D:3      | Paralysed by Grinder for 3 turns
  3017 | D:3      | Killed Grinder
  3017 | D:3      | Reached skill level 8 in Maces & Flails
  3017 | D:3      | Reached XP level 6. HP: 23/45 MP: 5/5
  3170 | D:3      | Noticed Terence
  3179 | D:3      | Killed Terence
  3332 | D:4      | Reached skill level 9 in Maces & Flails
  3337 | D:4      | Reached XP level 7. HP: 33/51 MP: 6/6
  3536 | D:4      | Found a deep blue altar of Sif Muna.
  3561 | D:4      | Found Regg's Armour Emporium.
  3563 | D:5      | Entered Level 5 of the Dungeon
  3616 | D:5      | Noticed Eustachio
  3641 | D:4      | Mangled by an ogre

Vault maps used:
D:1:      co_arrival_random_square_maze
D:2:      minmay_wonky_spiral, zin_purify, lemuel_doored_altar,
          uniq_crazy_yiuf_cottage, uniq_robin
D:3:      cheibrodos_thug_alley, grunt_dithmenos_smoke, uniq_terence,
          uniq_grinder
D:4:      led_sif_book, serial_shops, nicolae_shop_crystal, serial_corexii_hall,
          corexii_hall_statues_u, corexii_hall_statues_deadend, first_bread,
          minivault_26
D:5:      serial_shops, shop, basic_altar, uniq_eustachio

Skill      XL: |  1  2  3  4  5  6 |
---------------+-------------------+-----
Maces & Flails | 3 4 5 6 8 9 |  9.3
Fighting       | |  3.6
Armour         | |  3.6
Shields        | |  3.6

Action                   |  1- 3 |  4- 6 |  7- 9 || total
-------------------------+-------+-------+-------++-------
Melee: Flail             |   132 |   136 |    15 ||   283
       Headbutt          |    14 |    20 |     3 ||    37
  Use: Potion            |     5 |     2 |       ||     7
       Scroll            |       |     7 |       ||     7
  Eat: Chunk             |     3 |     5 |     1 ||     9
Armor: Scale mail        |    15 |       |       ||    15
       Plate armour      |    69 |    68 |     6 ||   143
Dodge: Dodged            |    23 |    17 |     2 ||    42
Block: Shield            |    62 |    50 |     9 ||   121
